 Dungeon Crawl Stone Soup version 0.30-a0-916-g9813417 (webtiles) character file.

Game seed: 11174109413280301232

7 Meow the Sneak (level 2, 22/22 HPs)
             Began as a Naga Conjurer on Apr 6, 2023.
             Quit the game on level 1 of the Dungeon on Apr 8, 2023.
             The game lasted 00:01:33 (214 turns).

Meow the Sneak (Naga Conjurer)                       Turns: 214, Time: 00:01:35

Health: 22/22      AC:  1    Str:  9    XL:     2   Next: 0%
Magic:  5/5        EV: 10    Int: 18    God:
Gold:   13         SH:  0    Dex: 15    Spells: 4/5 levels left

rFire   . . .      SeeInvis +    a - +0 club
rCold   . . .      Faith    .    (no shield)
rNeg    . . .      Spirit   .    e - +0 robe
rPois   +          Reflect  .    (no helmet)
rElec   .          Rampage  .    (no cloak)
rCorr   .                        (no gloves)
Will    .....                    (no barding)
Stlth   +++                      (no amulet)
HPRegen 0.23/turn                f - +6 ring of dexterity
MPRegen 0.09/turn                (no ring)

@: very slow
A: AC +0, large, see invisible, deformed body, poison resistance, slowness 2,
spit poison 1, naga tail 1
a: Spit Poison


You were on level 1 of the Dungeon.
You visited 1 branch of the dungeon, and saw 1 of its levels.

You collected 13 gold pieces.

Inventory:

Hand Weapons
 a - a +0 club (weapon)
Missiles
 c - 6 boomerangs
Armour
 e - a +0 robe (worn)
Jewellery
 f - a +6 ring of dexterity (left hand)
Scrolls
 h - a scroll of immolation {unknown}
Potions
 b - a potion of magic
 d - a potion of attraction {unknown}
 g - a potion of heal wounds {unknown}


   Skills:
 - Level 1.5 Dodging
 + Level 4.1 Stealth
 - Level 2.0 Spellcasting
 - Level 4.0 Conjurations


You had 4 spell levels left.
You knew the following spells:

 Your Spells              Type           Power      Damage    Failure   Level
a - Magic Dart            Conj           64%        1d6       3%          1

Your spell library contained the following spells:

 Spells                   Type           Power      Damage    Failure   Level
 Searing Ray              Conj           32%        2d5       5%          2
 Dazzling Flash           Conj/Hex       18%        N/A       24%         3
 Fulminant Prism          Conj/Hex       4%         3d5       61%         4
 Iskenderun's Mystic Bla  Conj/Tloc      9%         2d4       61%         4


Dungeon Overview and Level Annotations

Branches:
Dungeon (1/15)

Altars:

Shops:
D:1 (


Innate Abilities, Weirdness & Mutations

Your serpentine skin is tough. (AC +0)
You have supernaturally acute eyesight. (SInv)
Armour fits poorly on your strangely shaped body.
Your system is resistant to poisons. (rPois)
You cover ground very slowly.
You can spit poison.
You have a snake-like lower body.


Message History

You kill the rat!
Unknown command.
You start resting.
Magic restored.
f - a +6 ring of dexterity You feel agile.
f - a +6 ring of dexterity (left hand) Save game and exit?
Welcome back, Meow the Naga Conjurer.
Press ? for a list of commands and other information.
Key pressed, stopping explore.
g - a fuming puce potion;
h - a scroll labelled QATOQA PAAFUHA A hobgoblin comes into view.
A hobgoblin is nearby!
Aiming: Spit Poison (3% risk of failure)
Press: ? - help, Shift-Dir - straight line, f - hobgoblin
Aim: a hobgoblin (asleep, 100% to hit)
The splash of poison hits the hobgoblin.
You kill the hobgoblin!
Your Stealth skill increases to level 4!
Unknown command.
Unknown command.
You start waiting.
You have got your breath back.
You open the door.
Found Suiskummeg's Weapon Boutique.
There is an open door here.
There is an entrance to Suiskummeg's Weapon Boutique here.
You now have 13 gold pieces (gained 9).
You open the door.
There is an open door here.
A kobold and a jackal come into view.
Aiming: Spit Poison (3% risk of failure)
Press: ? - help, Shift-Dir - straight line, f - kobold
Aim: a kobold, wielding a +0 dagger and quivering stones (asleep, 100% to hit)
The splash of poison hits the kobold.
You kill the kobold!
You have reached level 2!
You have got your breath back.
Are you sure you want to abandon this character and quit the game? (Confirm with "yes".)

...........
...######## ...####
........ ...#####
.......
.##.###############
.##+#.............#
.##.#...########@##
###.###.# #.#
'..∩..'.# #.#
###.##### #.# #.#.#
#.# ..#+# h. #.#
##. #. #.# . #. #.#
## #. #.#


There were no monsters in sight!

Vanquished Creatures
  A ball python (D:1)
  A giant cockroach (D:1)
  A goblin (D:1)
  A hobgoblin (D:1)
  A kobold (D:1)
  A rat (D:1)
6 creatures vanquished.

Notes
Turn   | Place    | Note
-------+----------+-------------------------------------------
     0 | D:1      | Meow the Naga Conjurer began the quest for the Orb.
     0 | D:1      | Reached XP level 1. HP: 15/15 MP: 3/3
   161 | D:1      | Found Suiskummeg's Weapon Boutique.
   200 | D:1      | Reached XP level 2. HP: 22/22 MP: 5/5
   214 | D:1      | Quit the game

Illustrated notes

Levels and vault maps discovered:
D:1:      sevenhm_arrival_forest_fort_small_3, layout_basic, serial_shops,
          nicolae_shop_hallway_plus

Skill      XL: |  1 |
---------------+----+-----
Stealth        | 4 |  4.1
Dodging        | |  1.5
Spellcasting   | |  2.0
Conjurations   | |  4.0

Action                     || total
---------------------------++-------
   Cast: Magic Dart        ||     2
Ability: Spit Poison       ||     5

Table legend: (Time is in decaauts)
 A = Elapsed time spent in this place.
 B = Non-inter-level travel time spent in this place.
 C = Inter-level travel time spent in this place.
 D = Time resting spent in this place.
 E = Time spent auto-exploring this place.
 F = Levels seen in this place.
 G = Mean time per level.
                   A        B        C        D        E       F      G
               +--------+--------+--------+--------+--------+-----+--------+
         Total |    281 |    281 |      0 |     22 |    201 |   1 |  281.0 |
       Dungeon |    281 |    281 |      0 |     22 |    201 |   1 |  281.0 |
               +--------+--------+--------+--------+--------+-----+--------+

Top non-repeatable levels by time:
     D:1: 281 daAuts
